 Dungeon Crawl Stone Soup version 0.20.1-1-g8b1a95d (webtiles) character file.

444 Meenos the Carver (level 6, 0/51 HPs)
             Began as a Minotaur Fighter on Nov 6, 2017.
             Was a Believer of Makhleb.
             Slain by a slave (3 damage)
             ... led by Pikel
             ... on level 4 of the Dungeon.
             The game lasted 00:26:51 (2535 turns).

Meenos the Carver (Minotaur Fighter)                Turns: 2535, Time: 00:26:51

Health: 0/51       AC: 10    Str: 21    XL:     6   Next: 72%
Magic:  0/5        EV:  8    Int:  5    God:    Makhleb [**....]
Gold:   203        SH:  0    Dex: 11    Spells: 5/5 levels left

rFire    . . .     SeeInvis .   t - +1 whip (elec)
rCold    . . .     Gourm    .   (no shield)
rNeg     . . .     Faith    .   w - +0 chain mail
rPois    .         Spirit   +   (helmet restricted)
rElec    .         Reflect  .   (no cloak)
rCorr    .         Harm     .   l - +0 pair of gloves
MR       ++...                  (no boots)
Stlth    ..........             h - amulet of guardian spirit
Regen    0.2/turn               r - ring of protection from magic
MPRegen  0.1/turn               y - ring of protection from magic

@: no status effects
A: retaliatory headbutt, horns 2
a: Minor Destruction, Renounce Religion


You were on level 4 of the Dungeon.
You worshipped Makhleb.
Makhleb was pleased with you.
You were very hungry.

You visited 1 branch of the dungeon, and saw 4 of its levels.

You collected 203 gold pieces.

Inventory:

Hand Weapons
 a - a +0 long sword
 t - a +1 whip of electrocution (weapon)
Missiles
 g - 149 stones (quivered)
Armour
 b - a +0 scale mail
 c - a +0 shield
 l - a +0 pair of gloves (worn)
 p - a +0 pair of gloves
 w - a +0 chain mail (worn)
Jewellery
 h - an amulet of guardian spirit (around neck)
 r - a ring of protection from magic (left hand)
 y - a ring of protection from magic (right hand)
Scrolls
 i - a scroll of recharging {unknown}
 j - a scroll of remove curse
 k - 3 scrolls of identify
 o - 2 scrolls of teleportation
 x - a scroll of random uselessness {unknown}
Potions
 d - a potion of might
 e - a potion of berserk rage {unknown}
 m - a potion of curing {unknown}
 n - a potion of mutation {unknown}
 q - 2 potions of agility {unknown}
 s - a potion of invisibility {unknown}
 u - a potion of ambrosia {unknown}
Comestibles
 f - 6 bread rations
 v - a meat ration


   Skills:
 - Level 3.6 Fighting
 + Level 8.4 Long Blades
 - Level 3.6 Armour
 - Level 2.1 Dodging
 - Level 3.6 Shields


You had 5 spell levels left.
You didn't know any spells.

Dungeon Overview and Level Annotations

Branches:
Dungeon (4/15)
 Temple: D:4-7

Altars:
Makhleb

Annotations:
D:4 Pikel


Innate Abilities, Weirdness & Mutations

You reflexively headbutt those who attack you in melee.
You have a pair of horns on your head.


Message History

The slave hits you but does no damage.
You hit the slave. Your headbutt misses the slave.
The slave is moderately wounded.
The slave hits you.
* * * LOW HITPOINT WARNING * * *
Pikel zaps a wand.
Some rock shatters into small pieces.
You hit the slave. Lightning courses through the slave! You headbutt the slave.
The slave is almost dead.
The slave hits you.
* * * LOW HITPOINT WARNING * * *
You hit the slave but do no damage.
The slave is almost dead.
The slave hits you.
* * * LOW HITPOINT WARNING * * *
The slave closely misses you. You furiously retaliate!
You headbutt the slave, but do no damage.
You hit the slave. Lightning courses through the slave!
You kill the slave!
That felt strangely unrewarding.
The slave hits you.
You die...

#.#. #>..... #.#... #...#.
#.... .. #.... ...
#...##################
.?..#.)p[@................
....##.pKp.....###########
.....#.'######## ########
.........[# ........
.......p..# ........
..........# ........
....(#.'### ........
.....#..# ........
.....#..# ........


You could see Pikel and 3 slaves.

Vanquished Creatures
  A slave (D:4)
  2 phantoms (D:4)
  2 orc priests (D:2)
  A worker ant (D:4)
  4 adders
  4 gnolls (D:3)
  An ooze (D:2)
  3 worms
  A dart slug (D:1)
  4 leopard geckos
  7 orcs
  5 giant cockroaches
  7 goblins
  10 hobgoblins
  8 jackals (D:3)
  7 kobolds
  A quokka (D:3)
  A ball python (D:3)
  12 bats
  2 frilled lizards (D:3)
  8 rats
91 creatures vanquished.

Notes
Turn   | Place    | Note
-------+----------+-------------------------------------------
     0 | D:1      | Meenos the Minotaur Fighter began the quest for the Orb.
     0 | D:1      | Reached XP level 1. HP: 19/19 MP: 0/0
    98 | D:1      | Reached skill level 3 in Long Blades
   195 | D:1      | Reached XP level 2. HP: 26/26 MP: 1/1
   574 | D:1      | Reached skill level 1 in Dodging
   697 | D:1      | Reached XP level 3. HP: 31/31 MP: 2/2
   763 | D:2      | Found a burning altar of Makhleb.
   765 | D:2      | Reached skill level 4 in Long Blades
   785 | D:2      | Became a worshipper of Makhleb the Destroyer
  1116 | D:2      | Reached XP level 4. HP: 34/39 MP: 3/3
  1126 | D:2      | Reached skill level 5 in Long Blades
  1333 | D:2      | Reached XP level 5. HP: 45/45 MP: 4/4
  1624 | D:2      | Reached * piety under Makhleb
  1681 | D:3      | Reached skill level 6 in Long Blades
  2050 | D:3      | Reached ** piety under Makhleb
  2205 | D:3      | Reached skill level 7 in Long Blades
  2342 | D:4      | Noticed a phantom
  2358 | D:4      | Killed a phantom
  2358 | D:4      | Reached XP level 6. HP: 50/51 MP: 5/5
  2422 | D:4      | Reached skill level 8 in Long Blades
  2508 | D:4      | Noticed a slave
  2508 | D:4      | Noticed a slave
  2509 | D:4      | Noticed Pikel
  2509 | D:4      | Noticed a slave
  2509 | D:4      | Noticed a slave
  2534 | D:4      | HP: 2/51 [slave[Pikel] (3)]
  2535 | D:4      | Killed a slave
  2535 | D:4      | Slain by a slave

Skill      XL: |  1  2  3  4  5  6 |
---------------+-------------------+-----
Long Blades    | 3 4 5 7 8 |  8.4
Dodging        | 1 2 |  2.1
Fighting       | |  3.6
Armour         | |  3.6
Shields        | |  3.6

Action                   |  1- 3 |  4- 6 || total
-------------------------+-------+-------++-------
Melee: Long sword        |    78 |    11 ||    89
       Headbutt          |    16 |    26 ||    42
       Whip              |       |   135 ||   135
Throw: Stone             |    13 |       ||    13
  Use: Scroll            |     3 |       ||     3
  Eat: Chunk             |       |     4 ||     4
Armor: Scale mail        |    12 |    33 ||    45
       Leather armour    |    18 |       ||    18
       Chain mail        |       |    54 ||    54
Dodge: Dodged            |    63 |    74 ||   137
       Rpst.: Long sword |    14 |     3 ||    17
